 Dungeon Crawl Stone Soup version 0.21.1-1-g345015f (webtiles) character file.

1370 theblackcape the Fighter (level 8, -5/71 HPs)
             Began as a Gnoll Wanderer on July 5, 2018.
             Was an Elder of Cheibriados.
             Slain by dvd's ghost (8 damage)
             ... on level 6 of the Dungeon.
             The game lasted 00:13:16 (5802 turns).

theblackcape the Fighter (Gnoll Wanderer)           Turns: 5802, Time: 00:13:17

Health: -5/71      AC: 11    Str: 25    XL:     8   Next: 65%
Magic:  13/13      EV: 11    Int: 24    God:    Cheibriados [****..]
Gold:   306        SH:  0    Dex: 24    Spells: 13/13 levels left

rFire    . . .     SeeInvis .   a - +2 spear
rCold    . . .     Gourm    .   (no shield)
rNeg     . . .     Faith    .   g - +1 chain mail
rPois    .         Spirit   .   (no helmet)
rElec    .         Reflect  .   (no cloak)
rCorr    .         Harm     .   (no gloves)
MR       .....                  r - +0 pair of boots
Stlth    ..........             (no amulet)
HPRegen  0.21/turn              (no ring)
MPRegen  0.13/turn              (no ring)

@: very slow
A: distributed training, fangs 1, strong nose
a: Bend Time, Temporal Distortion, Slouch, Renounce Religion


You were on level 6 of the Dungeon.
You worshipped Cheibriados.
Cheibriados was greatly pleased with you.
You were hungry.

You visited 2 branches of the dungeon, and saw 7 of its levels.

You collected 306 gold pieces.

Inventory:

Hand Weapons
 a - a +2 spear (weapon)
 i - a +0 hunting sling
 v - a +1 dagger of holy wrath
Missiles
 k - 71 sling bullets
 o - a throwing net (quivered)
Armour
 g - a +1 chain mail (worn)
 l - a +0 ring mail
 r - a +0 pair of boots (worn)
Wands
 q - a wand of acid (10)
 u - a wand of polymorph (11)
Scrolls
 b - 4 scrolls of teleportation
 c - a scroll of immolation
 e - 6 scrolls of identify
 f - a scroll of magic mapping
 j - a scroll of acquirement {unknown}
 n - a scroll of amnesia
 s - a scroll of remove curse
Potions
 p - a potion of haste {unknown}
 t - a potion of agility {unknown}
Books
 m - a book of the Sky

   Spells                             Type                      Level
   a - Summon Lightning Spire         Summoning/Air                4
   b - Silence                        Hexes/Air                    5
   c - Deflect Missiles               Charms/Air                   6
   d - Conjure Ball Lightning         Conjuration/Air              6
   e - Tornado                        Air                          9
Comestibles
 d - 11 rations


   Skills:
 + Level 9.2 Fighting
 + Level 3.4 Short Blades
 + Level 3.4 Long Blades
 + Level 3.4 Axes
 + Level 3.4 Maces & Flails
 + Level 5.7 Polearms
 + Level 4.3 Staves
 + Level 3.4 Slings
 + Level 3.4 Bows
 + Level 3.4 Crossbows
 + Level 3.4 Throwing
 + Level 3.4 Armour
 + Level 4.3 Dodging
 + Level 4.2 Stealth
 + Level 3.4 Shields
 + Level 3.4 Unarmed Combat
 + Level 3.4 Spellcasting
 + Level 2.7 Conjurations
 + Level 2.7 Hexes
 + Level 2.7 Charms
 + Level 2.7 Summonings
 + Level 2.7 Necromancy
 + Level 2.7 Translocations
 + Level 2.7 Transmutations
 + Level 2.7 Fire Magic
 + Level 2.7 Ice Magic
 + Level 2.7 Air Magic
 + Level 2.7 Earth Magic
 + Level 2.7 Poison Magic
 + Level 3.7 Invocations
 + Level 4.3 Evocations


You had 13 spell levels left.
You didn't know any spells.

Dungeon Overview and Level Annotations

Branches:
Dungeon (6/15)             Temple (1/1) D:4

Altars:
Ashenzari
Cheibriados
Dithmenos
Elyvilon
Fedhas
Gozag
Hepliaklqana
Kikubaaqudgha
Makhleb
Nemelex Xobeh
Okawaru
Qazlal
Ru
Sif Muna
Trog
Uskayaw
Vehumet
Wu Jian
Xom
Yredelemnul
Zin
The Shining One

Shops:
D:4 [

Annotations:
D:6 dvd's ghost, novice DDMo


Innate Abilities, Weirdness & Mutations

Your experience applies equally to all skills.
You have very sharp teeth.
Your uncanny sense of smell can sniff out nearby items.


Message History

Dvd's ghost closely misses you.
Aiming: Disintegrate
Press: ? - help, Shift-Dir - straight line, f/p - dvd's ghost
Aim: dvd's ghost (severely damaged, chance to defeat MR: 55%) Dvd's ghost resists with significant effort.
Dvd's ghost hits you!
* * * LOW HITPOINT WARNING * * *
Aiming: Disintegrate
Press: ? - help, Shift-Dir - straight line, f/p - dvd's ghost
Aim: dvd's ghost (severely damaged, chance to defeat MR: 55%) Dvd's ghost resists with significant effort.
The now-empty wand crumbles to dust.
Dvd's ghost closely misses you.
You closely miss dvd's ghost. You bite dvd's ghost, but do no damage.
Dvd's ghost is severely damaged.
Dvd's ghost hits you!
* * * LOW HITPOINT WARNING * * *
You hit dvd's ghost but do no damage.
Dvd's ghost is severely damaged.
Dvd's ghost hits you!
You die...

###.#####......# #.#
#.##.### #.# #.##.# #.#
#.##.# #.# #.##.#
#.#####.#####.##.#
#....[........#...
#######.###############.[
#....@W............
##############..... ... .


You could see dvd's ghost.

Vanquished Creatures
  Sigmund (D:5)
  The ghost of lotte the Magician, an amateur DEIE of Vehumet (D:5)
  A water moccasin (D:6)
  A sky beast (D:5)
  A centaur (D:5)
  A scorpion (D:4)
  A jelly (D:5)
  3 crimson imps (D:5)
  2 hounds (D:5)
  An orc priest (D:4)
  An iguana (D:4)
  3 orc wizards
  4 worker ants
  A hound zombie (D:4)
  The ghost of p0werm0de the Grave Robber, a weakling OpNe (D:3)
  A howler monkey zombie (D:6)
  6 gnolls
  7 adders
  3 adder skeletons
  4 worms
  2 dart slugs (D:2)
  16 orcs
  3 ball pythons
  5 bats
  5 giant cockroaches
  10 hobgoblins
  8 jackals
  4 quokkas
  8 frilled lizards
  10 goblins
  6 kobolds
  8 rats
129 creatures vanquished.

Notes
Turn   | Place    | Note
-------+----------+-------------------------------------------
     0 | D:1      | theblackcape the Gnoll Wanderer began the quest for the Orb.
     0 | D:1      | theblackcape set off with: a +2 spear, 2 scrolls of teleportation, a +0 robe, a ration
     0 | D:1      | Reached XP level 1. HP: 26/26 MP: 2/2
    63 | D:1      | Reached XP level 2. HP: 33/33 MP: 3/3
   820 | D:2      | Reached XP level 3. HP: 36/38 MP: 4/4
  1002 | D:2      | Reached skill level 1 in Invocations
  1087 | D:2      | Reached skill level 1 in Short Blades
  1087 | D:2      | Reached skill level 1 in Long Blades
  1087 | D:2      | Reached skill level 1 in Axes
  1087 | D:2      | Reached skill level 1 in Maces & Flails
  1087 | D:2      | Reached skill level 1 in Slings
  1087 | D:2      | Reached skill level 1 in Bows
  1087 | D:2      | Reached skill level 1 in Crossbows
  1087 | D:2      | Reached skill level 1 in Throwing
  1087 | D:2      | Reached skill level 1 in Armour
  1087 | D:2      | Reached skill level 1 in Shields
  1087 | D:2      | Reached skill level 1 in Unarmed Combat
  1087 | D:2      | Reached skill level 1 in Spellcasting
  1087 | D:2      | Reached XP level 4. HP: 43/45 MP: 4/6
  1197 | D:2      | Found a faded altar of an unknown god.
  1202 | D:2      | Became a worshipper of Cheibriados the Contemplative
  1202 | D:2      | Reached * piety under Cheibriados
  1381 | D:2      | Reached skill level 1 in Conjurations
  1381 | D:2      | Reached skill level 1 in Hexes
  1381 | D:2      | Reached skill level 1 in Charms
  1381 | D:2      | Reached skill level 1 in Summonings
  1381 | D:2      | Reached skill level 1 in Necromancy
  1381 | D:2      | Reached skill level 1 in Translocations
  1381 | D:2      | Reached skill level 1 in Transmutations
  1381 | D:2      | Reached skill level 1 in Fire Magic
  1381 | D:2      | Reached skill level 1 in Ice Magic
  1381 | D:2      | Reached skill level 1 in Air Magic
  1381 | D:2      | Reached skill level 1 in Earth Magic
  1381 | D:2      | Reached skill level 1 in Poison Magic
  1549 | D:3      | Reached XP level 5. HP: 51/51 MP: 7/7
  1831 | D:3      | Noticed p0werm0de's ghost (weakling OpNe)
  1844 | D:3      | Killed p0werm0de's ghost
  1849 | D:3      | Reached ** piety under Cheibriados
  2687 | D:4      | Found a sacrificial altar of Ru.
  2701 | D:4      | Found a glowing golden altar of the Shining One.
  2710 | D:4      | Found a burning altar of Makhleb.
  2837 | D:4      | Reached XP level 6. HP: 49/57 MP: 8/8
  2911 | D:4      | Found a staircase to the Ecumenical Temple.
  2923 | Temple   | Entered the Ecumenical Temple
  3357 | D:4      | Found Xeuwk's Antique Armour Boutique.
  3385 | D:4      | Reached skill level 5 in Polearms
  3712 | D:4      | Reached *** piety under Cheibriados
  3728 | D:4      | Reached XP level 7. HP: 30/63 MP: 10/10
  4317 | D:5      | Entered Level 5 of the Dungeon
  4389 | D:5      | Found a sparkling altar of Nemelex Xobeh.
  4678 | D:5      | Noticed lotte's ghost (amateur DEIE)
  4694 | D:5      | Killed lotte's ghost
  4694 | D:5      | Reached skill level 9 in Fighting
  4864 | D:5      | Reached XP level 8. HP: 71/71 MP: 12/12
  5052 | D:5      | Noticed Sigmund
  5068 | D:5      | Killed Sigmund
  5314 | D:5      | Reached **** piety under Cheibriados
  5779 | D:6      | Noticed dvd's ghost (novice DDMo)
  5801 | D:6      | HP: 3/71 [dvd's ghost (7)]
  5802 | D:6      | Slain by dvd's ghost

Skill      XL: |  1  2  3  4  5  6  7  8 |
---------------+-------------------------+-----
Invocations    | 1 2 3 |  3.7
Short Blades   | 1 2 3 |  3.4
Long Blades    | 1 2 3 |  3.4
Axes           | 1 2 3 |  3.4
Maces & Flails | 1 2 3 |  3.4
Slings         | 1 2 3 |  3.4
Bows           | 1 2 3 |  3.4
Crossbows      | 1 2 3 |  3.4
Throwing       | 1 2 3 |  3.4
Armour         | 1 2 3 |  3.4
Shields        | 1 2 3 |  3.4
Unarmed Combat | 1 2 3 |  3.4
Spellcasting   | 1 2 3 |  3.4
Conjurations   | 1 2 |  2.7
Hexes          | 1 2 |  2.7
Charms         | 1 2 |  2.7
Summonings     | 1 2 |  2.7
Necromancy     | 1 2 |  2.7
Translocations | 1 2 |  2.7
Transmutations | 1 2 |  2.7
Fire Magic     | 1 2 |  2.7
Ice Magic      | 1 2 |  2.7
Air Magic      | 1 2 |  2.7
Earth Magic    | 1 2 |  2.7
Poison Magic   | 1 2 |  2.7
Staves         | 3 4 |  4.3
Dodging        | 3 4 |  4.3
Evocations     | 3 4 |  4.3
Stealth        | 3 4 |  4.2
Polearms       | 5 |  5.7
Fighting       | 9 |  9.2

Action                   |  1- 3 |  4- 6 |  7- 9 || total
-------------------------+-------+-------+-------++-------
Melee: Spear             |   102 |   361 |   182 ||   645
       Bite              |     9 |    37 |    38 ||    84
       Punch             |       |     3 |     4 ||     7
Evoke: Wand              |       |       |     5 ||     5
  Use: Potion            |     3 |     2 |       ||     5
       Scroll            |     2 |     7 |       ||     9
 Stab: Sleeping          |     8 |       |       ||     8
       Distracted        |     1 |       |       ||     1
  Eat: Chunk             |     1 |     4 |     3 ||     8
Armor: Robe              |    12 |     1 |       ||    13
       Chain mail        |       |   162 |    51 ||   213
Dodge: Dodged            |    41 |   150 |    48 ||   239
